 Dungeon Sprint DCSS version bcrawl-1.15.1 (webtiles) character file.

Game seed: 7995067475349384427

170 Kerapac the Magician (level 5, -8/38 HPs)
             Began as an Oni Ice Elementalist on Oct 3, 2019.
             Was an Initiate of Sif Muna.
             Killed from afar by a deep elf mage (22 damage)
             ... with a bolt of lightning
             ... in the Dungeon (Sprint III: "The Ten Rune Challenge").
             The game lasted 00:02:52 (293 turns).

Kerapac the Magician (Oni Ice Elementalist)          Turns: 293, Time: 00:02:52

Health: -8/38      AC:  2    Str: 12    XL:     5   Next: 50%
Magic:  2/17       EV: 12    Int: 17    God:    Sif Muna [......]
Gold:   37         SH:  0    Dex: 11    Spells: 7/19 levels left

rFire    . . .     SeeInvis .   s - +3 dagger (vamp)
rCold    . . .     Gourm    .   (no shield)
rNeg     . . .     Faith    .   a - +0 animal skin
rPois    .         Spirit   .   (helmet restricted)
rElec    .         Reflect  .   (no cloak)
rCorr    .         Harm     .   (no gloves)
MR       .....     NoTele   +   (no boots)
Stlth    ++........             (no amulet)
HPRegen  0.12/turn              (no ring)
MPRegen  0.15/turn              (no ring)

@: no status effects
A: oni magic, claws 1, fangs 1, horns 1
a: Divine Energy, Renounce Religion


You were in the Dungeon.
You worshipped Sif Muna.
Sif Muna was noncommittal.
You were not hungry.

You visited 1 branch You collected 37 gold pieces.

Inventory:

Hand Weapons
 s - a +3 vampiric dagger (weapon)
Missiles
 b - 193 arrows
Armour
 a - a +0 animal skin (worn)
Wands
 c - a wand of iceblast (1)
Scrolls
 j - a scroll of blinking
 l - a scroll of torment {unknown}
 m - 2 scrolls of identify {unknown}
 n - a scroll of remove curse {unknown}
 q - a scroll of immolation {unknown}
 r - a scroll of enchant weapon {unknown}
Potions
 e - a potion of curing
 f - a potion of heal wounds
 g - a potion of haste
 h - 2 potions of magic
 i - a potion of berserk rage
 k - 3 potions of mutation {unknown}
 o - a potion of invisibility {unknown}
 p - 4 potions of flight
Comestibles
 d - 2 rations {!d}


   Skills:
 - Level 1.7 Dodging
 - Level 1.7 Stealth
 + Level 7.7 Spellcasting


You had 7 spell levels left.
You knew the following spells:

 Your Spells              Type           Power        Failure   Level  Hunger
a - Freeze                Ice            #####.       1%          1    None
b - Blink Other           Tloc           #####.       1%          1    None
c - Summon Ice Beast      Ice/Summ       ####....     4%          4    ###....
d - Throw Icicle          Conj/Ice       ####....     4%          4    ###....
e - Poisonous Vapours     Pois/Air       ####..       1%          2    None

Your spell library contained the following spells:

 Spells                   Type           Power        Failure   Level  Hunger
 Throw Frost              Conj/Ice       ####..       1%          2    None
 Ozocubu's Armour         Chrm/Ice       ####....     1%          3    #......


Dungeon Overview and Level Annotations

Branches:
Dungeon (1/1)

Altars:
Elyvilon
Kikubaaqudgha
Sif Muna
Vehumet
Zin
The Shining One


Innate Abilities, Weirdness & Mutations

You learn spells by gaining experience, not through books or religion.
You only train spellcasting to practice magic.
You have sharp fingernails.
You have very sharp teeth.
You have a pair of small horns on your head.


Message History

Aiming: Throw Icicle (safe; 4% risk of failure)
Press: ? - help, Shift-Dir - straight line, f - deep elf mage
Aim: a deep elf mage, wielding a +0 long sword of holy wrath The shard of ice hits the deep elf mage.
The deep elf mage is lightly wounded.
The deep elf mage mumbles some strange words.
The deep elf mage blinks!
Casting: Throw Icicle (safe; 4% risk of failure)
Confirm with . or Enter, or press ? or * to list all spells.
Aiming: Throw Icicle (safe; 4% risk of failure)
Press: ? - help, Shift-Dir - straight line, f/p - deep elf mage
Aim: a deep elf mage, wielding a +0 long sword of holy wrath (lightly wounded)
The shard of ice hits the deep elf mage.
The deep elf mage is severely wounded.
The deep elf mage gestures at you while chanting.
The bolt of lightning hits you!
Ouch! That really hurt!
The bolt of lightning hits you!
Ouch! That really hurt!
You die...

▓▓▓▓ ▓▓▓ [..####
##.#####
......#####..#___#
.......#..#..#§..#
#.##...#..#..###@#+###+
#.###..##'#..#..........
##[##..###...'.⌠...e....
..##..####...#.).######+
..##..###....#.⌠.#
.##...##.....#...#
##....#†.....#'###
##..##.#..†..#[::# #..
####....#___#


You could see a deep elf mage.

Vanquished Creatures
  A scorpion (D)
  A wizard (D)
  Jessica (D)
  A kobold demonologist (D)
  A human (D)
  An ooze (D)
  A rat (D)
7 creatures vanquished.

Vanquished Creatures (collateral kills)
  A water elemental (D)
1 creature vanquished.

Vanquished Creatures (others)
  2 draconian scorchers (D)
  A yaktaur (D)
  6 hellions (D)
9 creatures vanquished.

Grand Total: 17 creatures vanquished

Notes
Turn   | Place    | Note
-------+----------+-------------------------------------------
     0 | D        | Kerapac the Oni Ice Elementalist began the quest for the
                  | Orb.
     0 | D        | Reached XP level 1. HP: 14/14 MP: 4/4
    15 | D        | Reached skill level 2 in Spellcasting
    79 | D        | Noticed Jessica
    90 | D        | Killed Jessica
    90 | D        | Reached skill level 4 in Spellcasting
    90 | D        | Reached XP level 2. HP: 20/20 MP: 5/9
    90 | D        | Reached XP level 3. HP: 26/26 MP: 5/10
   100 | D        | Killed a hellion
   100 | D        | Killed a hellion
   100 | D        | Killed a hellion
   114 | D        | Killed a hellion
   116 | D        | Killed a hellion
   124 | D        | Killed a hellion
   131 | D        | Learned a level 1 spell: Blink Other
   134 | D        | Killed a yaktaur
   153 | D        | Reached skill level 5 in Spellcasting
   165 | D        | Killed a white draconian scorcher
   207 | D        | Noticed a scorpion
   211 | D        | Killed a white draconian scorcher
   212 | D        | Killed a scorpion
   212 | D        | Reached skill level 6 in Spellcasting
   212 | D        | Reached XP level 4. HP: 30/33 MP: 9/14
   223 | D        | Learned a level 4 spell: Summon Ice Beast
   228 | D        | Learned a level 4 spell: Throw Icicle
   231 | D        | Learned a level 2 spell: Poisonous Vapours
   251 | D        | Noticed a water elemental
   255 | D        | Killed a water elemental
   255 | D        | Reached XP level 5. HP: 38/38 MP: 8/16
   262 | D        | Found a radiant altar of Vehumet.
   262 | D        | Found a shimmering blue altar of Sif Muna.
   262 | D        | Found an ancient bone altar of Kikubaaqudgha.
   265 | D        | Reached skill level 7 in Spellcasting
   282 | D        | Became a worshipper of Sif Muna the Loreminder
   290 | D        | Found a glowing silver altar of Zin.
   291 | D        | Found a glowing golden altar of the Shining One.
   291 | D        | Found a white marble altar of Elyvilon.
   291 | D        | Noticed a deep elf mage
   293 | D        | Killed from afar by a deep elf mage

Skill      XL: |  1  2  3  4  5 |
---------------+----------------+-----
Spellcasting   | 4 6 7 |  7.7
Dodging        | |  1.7
Stealth        | |  1.7

Action                   |  1- 3 |  4- 6 || total
-------------------------+-------+-------++-------
Melee: Unarmed           |     2 |       ||     2
 Cast: Freeze            |    14 |     4 ||    18
       Summon Ice Beast  |       |     2 ||     2
       Throw Icicle      |       |     2 ||     2
  Eat: Ration            |       |     1 ||     1
Armor: Animal skin       |     2 |       ||     2
Dodge: Dodged            |     5 |     2 ||     7
